 Dungeon Crawl Stone Soup version 0.19.1 (webtiles) character file.

1092 Idleism the Chopper (level 8, -14/64 HPs)
             Began as a Formicid Fighter on Dec 3, 2016.
             Was an Initiate of Okawaru.
             Killed from afar by azzavlup's ghost (33 damage)
             ... with a shard of ice
             ... on level 8 of the Dungeon.
             The game lasted 00:14:58 (5536 turns).

Idleism the Chopper (Formicid Fighter)              Turns: 5536, Time: 00:14:59

Health: -14/64     AC:  7    Str: 28    XL:     8   Next: 56%
Magic:  8/8        EV:  8    Int:  8    God:    Okawaru [......]
Gold:   209        SH: 11    Dex: 10    Spells: 0 memorised, 7 levels left

rFire  . . .     SeeInvis +     a - +0 war axe
rCold  . . .     Gourm    .     b - +0 scale mail
rNeg   . . .     Faith    .     c - +1 shield
rPois  .         Spirit   .     (helmet unavailable)
rElec  .         Reflect  .     (no cloak)
rCorr  .         Harm     .     (no gloves)
MR     .....                    (no boots)
Stlth  +.........               (no amulet)
                                d - ring of stealth
                                l - ring of teleportation

@: mighty
A: permanent stasis, dig shafts and tunnels, four strong arms, antennae 3
a: Dig, Shaft Self, Renounce Religion


You were on level 8 of the Dungeon.
You worshipped Okawaru.
Okawaru was noncommittal.
You were not hungry.

You visited 1 branch of the dungeon, and saw 6 of its levels.

You collected 209 gold pieces.

Inventory:

Hand Weapons
 a - a +0 war axe (weapon)
Armour
 b - a +0 scale mail (worn)
 c - a +1 shield (worn)
 B - a +0 plate armour
Jewellery
 d - a ring of stealth (right hand)
 i - an uncursed ring of magical power
 l - a ring of teleportation (left hand)
 A - an uncursed ring of flight
Scrolls
 e - 6 scrolls of identify
 g - 2 scrolls of random uselessness
 j - a scroll of teleportation
 k - 4 scrolls of remove curse
 n - 3 scrolls of immolation
 t - a scroll of enchant armour
 v - a scroll of amnesia {unknown}
 w - 2 scrolls of fear {unknown}
 y - a scroll of enchant weapon {unknown}
Potions
 h - a potion of invisibility {unknown}
 m - a potion of heal wounds
 p - 2 potions of magic
 q - a potion of brilliance {unknown}
 u - a potion of degeneration {unknown}
 C - a potion of lignification {unknown}
Comestibles
 f - 5 bread rations
 s - a royal jelly
 z - a meat ration


   Skills:
 - Level 6.0 Fighting
 - Level 7.0 Axes
 + Level 5.3 Armour
 - Level 5.0 Shields


You had 7 spell levels left.
You didn't know any spells.

Dungeon Overview and Level Annotations

Branches:
Dungeon (5/15)
 Temple: D:4-7

Altars:
Dithmenos
Gozag
Makhleb
Okawaru
Ru
Sif Muna
Xom
The Shining One

Shops:
D:4 [

Annotations:
D:8 azzavlup's ghost, novice MfIE


Innate Abilities, Weirdness & Mutations

You are under a permanent stasis effect.
You can dig through walls and to a lower floor.
Your four strong arms can wield two-handed weapons with a shield.
You have a pair of large antennae on your head. (SInv)


Message History

Azzavlup's ghost casts a spell at you. You block the shard of ice.
As you read the scroll labeled ZEUREA IMARGH, it crumbles to dust.
It is a scroll of enchant armour.
Your +0 shield glows green for a moment.
Azzavlup's ghost hits you.
As you read the scroll labeled BOARI UKLUIG, it crumbles to dust.
It is a scroll of identify.
g - 2 scrolls of random uselessness Azzavlup's ghost hits you!
* * * LOW HITPOINT WARNING * * *
As you read the scroll labeled ZEHUCZ NEOR, it crumbles to dust.
You feel a strange sense of stasis.
It was a scroll of teleportation.
Azzavlup's ghost barely misses you.
You slice azzavlup's ghost!!
Azzavlup's ghost is moderately damaged.
Azzavlup's ghost points at you and mumbles some strange words.
The shard of ice hits you!
Ouch! That really hurt!
You die...

#..........#
#..........#
#..........#
#..........#
#..........#
#####.######
#######....#
#.....#....#
#.....#..W@#
#..........#
#..........#
#...._.$...#
#..............
##..............
#..............
#.......#######
#.......#


You could see azzavlup's ghost (inner flame).

Vanquished Creatures
  Sigmund (D:2)
  An ice beast (D:5)
  A sky beast (D:5)
  A centaur (D:5)
  The ghost of trunko the Covered, a weakling GrFi (D:3)
  3 crimson imps
  4 orc priests (D:3)
  Terence (D:2)
  An iguana (D:5)
  3 worker ants
  A hound skeleton (D:5)
  A worker ant zombie (D:5)
  6 gnolls
  10 adders
  An ooze (D:1)
  3 worms
  3 dart slugs
  14 orcs (D:3)
  2 ball pythons
  6 giant cockroaches
  9 hobgoblins
  11 jackals
  5 kobolds
  6 quokkas
  7 bats
  6 frilled lizards
  6 goblins
  A jackal skeleton (D:4)
  A leopard gecko skeleton (D:5)
  7 rats
123 creatures vanquished.

Notes
Turn   | Place    | Note
-------+----------+-------------------------------------------
     0 | D:1      | Idleism the Formicid Fighter began the quest for the Orb.
     0 | D:1      | Reached XP level 1. HP: 18/18 MP: 1/1
   227 | D:1      | Reached XP level 2. HP: 22/24 MP: 2/2
   525 | D:1      | Reached XP level 3. HP: 28/29 MP: 3/3
   653 | D:2      | Noticed Terence
   660 | D:2      | Killed Terence
   660 | D:2      | Reached skill level 3 in Axes
   660 | D:2      | Reached XP level 4. HP: 37/37 MP: 4/4
  1014 | D:2      | Noticed Sigmund
  1028 | D:2      | Killed Sigmund
  1028 | D:2      | Reached skill level 5 in Axes
  1028 | D:2      | Reached XP level 5. HP: 5/42 MP: 5/5
  1028 | D:2      | Reached XP level 6. HP: 6/48 MP: 6/6
  1628 | D:3      | Noticed trunko's ghost (weakling GrFi)
  1636 | D:3      | Killed trunko's ghost
  1855 | D:3      | Reached skill level 6 in Axes
  2110 | D:3      | Reached XP level 7. HP: 7/53 MP: 7/7
  2414 | D:3      | Found a shimmering altar of Xom.
  2585 | D:3      | Found a shadowy altar of Dithmenos.
  2890 | D:3      | Reached skill level 7 in Axes
  3115 | D:3      | Found a glowing golden altar of the Shining One.
  3561 | D:4      | Found an opulent altar of Gozag.
  3666 | D:4      | Found a sacrificial altar of Ru.
  3678 | D:4      | Found Wafuf's Armour Shoppe.
  3726 | D:4      | Found a burning altar of Makhleb.
  3934 | D:5      | Entered Level 5 of the Dungeon
  3986 | D:5      | Reached skill level 5 in Shields
  4026 | D:5      | Reached XP level 8. HP: 51/61 MP: 8/8
  4085 | D:5      | Reached skill level 5 in Fighting
  4578 | D:4      | Found an iron altar of Okawaru.
  4608 | D:4      | Became a worshipper of Warmaster Okawaru
  5093 | D:5      | Found a deep blue altar of Sif Muna.
  5165 | D:5      | Reached skill level 5 in Armour
  5506 | D:5      | Found an iron altar of Okawaru.
  5514 | D:5      | You fall through a shaft for 3 floors!
  5517 | D:8      | Found a deep blue altar of Sif Muna.
  5520 | D:8      | Noticed azzavlup's ghost (novice MfIE)
  5536 | D:8      | Killed from afar by azzavlup's ghost

Skill      XL: |  1  2  3  4  5  6  7  8 |
---------------+-------------------------+-----
Axes           | 3 5 6 7 |  7.0
Shields        | 5 |  5.0
Fighting       | 4 6 |  6.0
Armour         | 5 |  5.3

Action                   |  1- 3 |  4- 6 |  7- 9 || total
-------------------------+-------+-------+-------++-------
Melee: War axe           |    53 |   146 |   240 ||   439
  Use: Potion            |       |     2 |     3 ||     5
       Scroll            |       |       |     5 ||     5
  Eat: Chunk             |       |     2 |    10 ||    12
       Beef jerky        |       |     1 |       ||     1
       Pizza             |       |       |     1 ||     1
Armor: Scale mail        |    26 |    65 |    84 ||   175
Dodge: Dodged            |    20 |    49 |    77 ||   146
Block: Shield            |    30 |    79 |   117 ||   226
